 Dungeon Crawl Stone Soup version 0.31.0-32-g396128a36d (webtiles) character file.

Game seed: 4644525556076138652

345 mparten the Chopper (level 6, -1/56 HPs)
             Began as a Minotaur Fighter on Mar 31, 2024.
             Succumbed to Ijyb's poison
             ... on level 3 of the Dungeon.
             The game lasted 00:03:06 (1775 turns).

mparten the Chopper (Minotaur Fighter)              Turns: 1775, Time: 00:03:07

Health: -1/56      AC:  8    Str: 23    XL:     6   Next: 32%
Magic:  5/5        EV:  9    Int:  5    God:
Gold:   108        SH:  4    Dex:  9    Spells: 5/5 levels left

rFire   . . .        a - +0 war axe
rCold   . . .        c - +0 buckler
rNeg    . . .        b - +0 scale mail
rPois   .            (helmet restricted)
rElec   .            (no cloak)
rCorr   .            (no gloves)
SInv    .            m - +0 pair of boots
Will    .....        (no amulet) Stlth
                     (no ring)
HPRegen 0.29/turn    (no ring)
MPRegen 0.09/turn

%: no passive effects
@: lethally poisoned (-1 -> -7)
A: horns 2, retaliatory headbutt
a: no special abilities


You were on level 3 of the Dungeon.
You visited 1 branch of the dungeon, and saw 4 of its levels.

You collected 108 gold pieces.

Inventory:

Hand Weapons
 a - a +0 war axe (weapon)
Armour
 b - a +0 scale mail (worn)
 c - a +0 buckler (worn)
 m - a +0 pair of boots (worn)
Jewellery
 f - a ring of protection from cold
Wands
 n - a wand of polymorph (6)
Scrolls
 e - 2 scrolls of identify {unknown}
 g - a scroll of noise {unknown}
 i - 2 scrolls of enchant armour {unknown}
 k - 2 scrolls of vulnerability {unknown}
Potions
 d - a potion of might
 h - a potion of cancellation {unknown}
 j - a potion of haste {unknown}
 l - a potion of lignification {unknown}


   Skills:
 + Level 5.0 Fighting
 * Level 5.4 Axes
 + Level 5.0 Armour
 + Level 5.0 Shields


You had 5 spell levels left.
You didn't know any spells.
Your spell library contained the following spells:

 Spells                   Type           Power      Damage    Failure   Level
 Static Discharge         Conj/Air       0%         3-3/arc   93%         2
 Hailstorm                Conj/Ice       0%         3d5       99%         3
 Summon Ice Beast         Ice/Summ       0%         N/A       99%         3
 Airstrike                Air            0%         2d(0-16)  100%        4
 Summon Lightning Spire   Summ/Air       0%         N/A       100%        4
 Sculpt Simulacrum        Ice/Alch       0%         N/A       100%        6


Dungeon Overview and Level Annotations

Branches:
Dungeon (4/15)
 Temple: D:4-7

Altars:
Dithmenos
Fedhas

Shops:
D:1 (

Annotations:
D:4 Menkaure


Innate Abilities, Weirdness & Mutations

You have a pair of horns on your head.
You reflexively headbutt those who attack you in melee.


Message History

You take 4 damage, and have 38/55 hp.
You closely miss Ijyb.
Ijyb is moderately wounded.
You feel sick.
Ijyb zaps a wand.
Your mind is blasted!
Ijyb hits you but does no damage.
You are more poisoned.
You take 15 damage, and have 23/55 hp.
MASSIVE DAMAGE!!
You are too injured to fight recklessly!
You are too injured to fight recklessly!
You are too injured to fight recklessly!
You are too injured to fight recklessly!
You barely miss Ijyb. You headbutt Ijyb.
Ijyb is heavily wounded.
You feel very sick. Ijyb barely misses you. You furiously retaliate!
You headbutt Ijyb.
You take 4 damage, and have 19/55 hp.
You hit Ijyb but do no damage.
Ijyb is heavily wounded.
You feel very sick.
Ijyb hits you with a +2 dagger of venom.
* * * LOW HITPOINT WARNING * * *
You are lethally poisoned!
You closely miss Ijyb. You headbutt Ijyb.
Ijyb is severely wounded.
* * * LOW HITPOINT WARNING * * *
You feel very sick. Ijyb barely misses you. You furiously retaliate!
You headbutt Ijyb!
You kill Ijyb!
Your Fighting skill increases to level 5!
Your Armour skill increases to level 5!
* * * LOW HITPOINT WARNING * * *
You feel very sick.
Things that are here:
a +2 dagger of venom; a +0 leather armour; a wand of mindburst (11)
You take 15 damage, and have 4/56 hp.
MASSIVE DAMAGE!!
* * * LOW HITPOINT WARNING * * *
You feel sick.
* * * LOW HITPOINT WARNING * * *
You feel sick.
You die...

#..... ......... .....
........#...#. §§.##
##.......#....##
§§.§###..............## .
§..§§##......# #...#.#. .# .
§§.§§§#......###....... #.# #
§†.§§...).....##...#... ##..# #
.§...).))..).......# #.###... ###
......§)...).)..@..###.....###...
.§§.$§#...........?<...........##
§.§..##............##..<.@#######
..§§####..###..%....#.$...g$.....
.§§## #..##..............#######
.... ........##..........# # ###
.................#..## .
.........###.....##.. .. ##....
... ...


There were no monsters in sight!

Vanquished Creatures
  Sigmund (D:3)
  A jelly (D:4)
  An iguana (D:4)
  Ijyb (D:3)
  An orc wizard (D:3)
  Terence (D:3)
  2 adders
  2 dart slugs
  6 orcs (D:3)
  3 endoplasms
  A giant cockroach (D:2)
  2 goblins
  4 hobgoblins
  5 jackals (D:1)
  A quokka (D:1)
  2 ball pythons
  2 bats (D:2)
  2 frilled lizards (D:2)
  4 kobolds
  4 rats
46 creatures vanquished.

Notes
Turn   | Place    | Note
-------+----------+-------------------------------------------
     0 | D:1      | mparten the Minotaur Fighter began the quest for the Orb.
     0 | D:1      | Reached XP level 1. HP: 19/19 MP: 0/0
   234 | D:1      | Found Pickitto's Antique Weapon Emporium.
   529 | D:1      | Reached XP level 2. HP: 27/27 MP: 1/1
   853 | D:2      | You fall into a shaft and drop 2 floors!
   872 | D:4      | Found a blossoming altar of Fedhas.
   884 | D:4      | Reached XP level 3. HP: 33/33 MP: 2/2
   907 | D:4      | Reached XP level 4. HP: 6/40 MP: 3/3
  1042 | D:4      | Noticed Menkaure
  1069 | D:3      | Noticed Terence
  1069 | D:3      | Noticed Ijyb
  1666 | D:3      | Noticed Sigmund
  1674 | D:3      | Killed Sigmund
  1675 | D:3      | Reached skill level 5 in Axes
  1675 | D:3      | Reached XP level 5. HP: 41/47 MP: 4/4
  1677 | D:3      | Found a shadowy altar of Dithmenos.
  1725 | D:3      | Killed Terence
  1726 | D:3      | Reached XP level 6. HP: 38/55 MP: 5/5
  1755 | D:3      | Reached skill level 5 in Shields
  1771 | D:3      | Killed Ijyb
  1772 | D:3      | Reached skill level 5 in Fighting
  1772 | D:3      | Reached skill level 5 in Armour
  1773 | D:3      | HP: 2/56 [poisoned by Ijyb]
  1775 | D:3      | Succumbed to Ijyb's poison

Illustrated notes

Levels and vault maps discovered:
D:1:      minmay_arrival_open_corners, layout_basic, serial_shops, shop,
          serial_forest, infiniplex_forest_straight_1,
          infiniplex_forest_lined_corner, infiniplex_forest_lined_1,
          infiniplex_forest_lined_2, infiniplex_forest_straight_2,
          infiniplex_forest_end_2, infiniplex_forest_fountain
D:2:      layout_basic
D:3:      layout_rooms, cheibriados_altar_1, kennysheep_vampire_church,
          nicolae_dithmenos_the_darkroom, nicolae_ecumenical_oubliette,
          minmay_pentomino_pile, uniq_terence, uniq_robin, uniq_ijyb,
          uniq_grinder, uniq_sigmund
D:4:      layout_cave_pools, mainiacjoe_overflow_alcove_4,
          minmay_temple_entry_slanted, nicolae_ossuary_entry_catacombs,
          dk_noncrumbling_3, kennysheep_cross_room, uniq_menkaure

Skill      XL: |  1  2  3  4  5  6 |
---------------+-------------------+-----
Axes           | 3 5 |  5.4
Fighting       | 4 5 |  5.0
Armour         | 4 5 |  5.0
Shields        | 4 5 |  5.0

Action                     |  1- 3 |  4- 6 || total
---------------------------+-------+-------++-------
  Melee: War axe           |    42 |    64 ||   106
         Headbutt          |     1 |    11 ||    12
         Unarmed           |       |     7 ||     7
 Armour: Scale mail        |    30 |    47 ||    77
         Skin              |       |     3 ||     3
  Dodge: Dodged            |    18 |    34 ||    52
  Block: Buckler           |     8 |    10 ||    18
